 Dungeon Sprint DCSS version 0.17-a0-1582-ge6b0260 (webtiles) character file.

0 nuthulu the Skirmisher (level 2, 0/20 HPs)
             Began as a Gargoyle Fighter on July 27, 2015.
             Was an Initiate of Trog.
             Slain by an iron imp (7 damage)
             ... summoned by Eustachio
             ... in the Dungeon (Sprint VI: "Thunderdome").
             The game lasted 00:00:35 (55 turns).

nuthulu the Skirmisher (Gargoyle Fighter)             Turns: 55, Time: 00:00:35

Health: 0/20       AC:  9    Str: 24    XL:     2   Next: 4%
Magic:  2/2        EV:  7    Int:  8    God:    Trog [......]
Gold:   32         SH:  9    Dex:  9    Spells: 0 memorised, 1 level left

rFire  . . .     SeeInvis .     a - +0 flail
rCold  . . .     Clarity  .     b - +0 scale mail
rNeg   + . .     SustAt   .     c - +0 shield
rPois  ∞         Gourm    .     (no helmet)
rElec  +         Spirit   .     (no cloak)
rCorr  .         Warding  .     (no gloves)
rMut   .         NoTele   +     (no boots)
MR     .....                    (no amulet)
Stlth  ..........               (no ring)
                                (no ring)

@: mighty, not resistant to hostile enchantments, extremely unstealthy
A: negative energy resistance 1, electricity resistance, unbreathing,
petrification resistance, rot immunity, AC +2
a: Burn Spellbooks, Renounce Religion


You were in the Dungeon.
You worshipped Trog.
Trog was noncommittal.
You were not hungry.

You visited 1 branch You collected 200 gold pieces.
You spent 168 gold pieces at shops.

Inventory:

Hand weapons
 a - a +0 flail (weapon)
Armour
 b - a +0 scale mail (worn)
 c - a +0 shield (worn)
Magical devices
 l - a wand of cold (5)
 m - a wand of fire (5)
Scrolls
 k - 4 scrolls of blinking
 n - 3 scrolls of fog
Potions
 d - 6 potions of might
 f - a potion of curing
 g - 4 potions of heal wounds
 h - 4 potions of haste
 i - 2 potions of magic
 j - a potion of berserk rage
 o - a potion of resistance
Comestibles
 e - a bread ration


   Skills:
 + Level 4.0 Fighting
 + Level 2.6 Maces & Flails
 + Level 3.9 Armour
 + Level 3.8 Shields


You had one spell level left.
You didn't know any spells.

Dungeon Overview and Level Annotations

Branches:
Dungeon (1/1)

Altars:
Cheibriados
Fedhas
Gozag
Kikubaaqudgha
Makhleb
Qazlal
Ru
Sif Muna
Trog
Vehumet
Xom
Yredelemnul
Zin
The Shining One
Jiyva

Shops:
D *[%???:(!!!!

Annotations:
D Eustachio


Innate Abilities, Weirdness & Mutations

You are resistant to torment.
Your stone body is resilient (AC +2).
You are immune to poison.
You resist negative energy.
You are resistant to electric shocks.
You can survive without breathing.
You are immune to petrification.
You are immune to rotting.


Message History

The ufetubus hits you but does no damage.
The ufetubus hits you. Eustachio closely misses you.
You closely miss Eustachio.
Eustachio is heavily wounded.
The ufetubus closely misses you.
The ufetubus hits you but does no damage.
The quokka bites you but does no damage.
You block the ufetubus's attack. The ufetubus hits you.
Eustachio hits you with a rapier. The iron imp barely misses you.
You block the ufetubus's attack.
The ufetubus hits you but does no damage.
You block the quokka's attack.
You thump Eustachio!
Eustachio is severely wounded.
The white imp hits you but does no damage.
Eustachio hits you but does no damage. The ufetubus barely misses you.
The ufetubus barely misses you. You block the ufetubus's attack.
You block the ufetubus's attack. The quokka barely misses you.
The iron imp hits you!
You die...

#⌠...........⌠
######.8.........8.
##∩_._......###.....
###∩........8.# #.8...
##.............###.....
#⌠..........###...###..
#⌠..........# #.<.# #..
#⌠....r5....###...###..
#...@@5r......###.....
###∩.55.....8.# #.8...
##∩_._......# #.....
######.8.........8.
#§...........⌠
###5........##
_........# ......._#


You could see Eustachio, Grinder (wandering), an iron imp, a river rat, a white
imp, 2 ufetubi and a quokka.

Vanquished Creatures
  A white imp (D)
1 creature vanquished.

Notes
Turn   | Place    | Note
--------------------------------------------------------------
     0 | D        | nuthulu the Gargoyle Fighter began the quest for the Orb.
     0 | D        | Reached XP level 1. HP: 14/14 MP: 1/1
     1 | D        | Found a burning altar of Makhleb.
     2 | D        | Found a radiant altar of Vehumet.
     3 | D        | Found a viscous altar of Jiyva.
     3 | D        | Found a bloodstained altar of Trog.
     4 | D        | Found Xeocvuw's Do-It-Yourself Clinic.
     4 | D        | Found a glowing golden altar of the Shining One.
     4 | D        | Found an opulent altar of Gozag.
     4 | D        | Found Veklaq's Distillery.
     5 | D        | Found Muluc's Bottled Wisdom.
     5 | D        | Found Jaluokk's Distillery.
     5 | D        | Round 1.
    12 | D        | Bought 6 potions of might for 168 gold pieces
    13 | D        | Became a worshipper of Trog the Wrathful
    19 | D        | Found an ancient bone altar of Kikubaaqudgha.
    21 | D        | Found a glowing silver altar of Zin.
    21 | D        | Found a shimmering altar of Xom.
    21 | D        | Found a deep blue altar of Sif Muna.
    21 | D        | Found Puufuo Nawn's Staff Store.
    21 | D        | Found Joyqees's Magic Scroll Shop.
    22 | D        | Found Puuffovviss's Must-Have Magic.
    22 | D        | Found Woalyat's Magic Scroll Shop.
    25 | D        | Found a sacrificial altar of Ru.
    27 | D        | Found a blossoming altar of Fedhas.
    28 | D        | Found Mick's Bee Food.
    29 | D        | Found Vycisih's Jewellery.
    29 | D        | Found Peruef's Advanced Armour.
    30 | D        | Found a snail-covered altar of Cheibriados.
    30 | D        | Found a stormy altar of Qazlal.
    30 | D        | Found Jocil's Identification Station.
    37 | D        | Noticed Eustachio
    39 | D        | Reached skill level 4 in Fighting
    39 | D        | Reached XP level 2. HP: 12/20 MP: 2/2
    41 | D        | Found a basalt altar of Yredelemnul.
    55 | D        | Slain by an iron imp

Vault maps used:
D:        arena_sprint

Action                   || total
-------------------------++-------
Melee: Flail             ||    16
  Use: Potion            ||     1
